 Dungeon Crawl Stone Soup version 0.29.1-1-gd02db6906a (webtiles) character file.

Game seed: 17087070373931593645

59 ImASeal the Shield-Bearer (level 3, -2/36 HPs)
             Began as a Troll Fighter on Oct 18, 2022.
             Slain by a goblin
             ... wielding a +2 dagger of electrocution
              (9 damage)
             ... on level 3 of the Dungeon.
             The game lasted 00:04:05 (1378 turns).

ImASeal the Shield-Bearer (Troll Fighter)           Turns: 1378, Time: 00:04:05

Health: -2/36      AC:  4    Str: 26    XL:     3   Next: 78%
Magic:  2/2        EV:  8    Int:  4    God:
Gold:   186        SH:  7    Dex:  9    Spells: 2/2 levels left

rFire   . . .      SeeInvis .   a - +0 war axe
rCold   . . .      Faith    .   c - +0 kite shield
rNeg    . . .      Spirit   .   b - +0 robe
rPois   .          Reflect  .   (helmet restricted)
rElec   .          Harm     .   (no cloak)
rCorr   .          Rampage  .   (gloves unavailable)
Will    .....                   (boots unavailable)
Stlth   +.........              (no amulet)
HPRegen 0.92/turn               (no ring)
MPRegen 0.08/turn               (no ring)

@: no status effects
A: large, unfitting armour, claws 3, regeneration 1, shaggy fur 1, tough skin 1
a: no special abilities


You were on level 3 of the Dungeon.
You visited 1 branch of the dungeon, and saw 3 of its levels.

You collected 186 gold pieces.

Inventory:

Hand Weapons
 a - a +0 war axe (weapon)
Missiles
 k - a stone (quivered)
Armour
 b - a +0 robe (worn)
 c - a +0 kite shield (worn)
Jewellery
 l - a +4 ring of evasion
Wands
 i - a wand of acid (11)
Scrolls
 e - a scroll of identify {unknown}
 h - a scroll of teleportation {unknown}
 j - a scroll of magic mapping {unknown}
Potions
 d - 2 potions of might
 f - a potion of curing {unknown}
 g - a potion of degeneration {unknown}
 m - a potion of heal wounds {unknown}


   Skills:
 + Level 2.8 Fighting
 + Level 2.2 Axes
 + Level 2.9 Dodging
 + Level 3.1 Shields


You had 2 spell levels left.
You didn't know any spells.
Your spell library contained the following spells:

 Spells                   Type           Power      Damage    Failure   Level
 Borgnjor's Revivificati  Necr           0%         N/A       100%        8
 Necromutation            Tmut/Necr      0%         N/A       100%        8
 Death's Door             Necr           0%         N/A       100%        9


Dungeon Overview and Level Annotations

Branches:
Dungeon (3/15)

Altars:

Shops:
D:2 [(=(


Innate Abilities, Weirdness & Mutations

You are too large for most types of armour.
You have claws for hands.
Your natural rate of healing is unusually fast.
You are covered in fur. (AC +1)
You have tough skin. (AC +1)


Message History

You feel sick.
The goblin shoots a sling bullet.
The sling bullet completely misses you.
You hear a shout!
You slash the goblin!
You kill the goblin!
You feel sick.
You are no longer poisoned.
You block the goblin's attack.
You slash the goblin!
You kill the goblin!
The endoplasm hits you.
You slash the endoplasm!
You kill the endoplasm!
The goblin shoots a sling bullet.
The sling bullet hits you but does no damage.
A hobgoblin comes into view.
The hobgoblin shouts!
The goblin unwields a +0 sling.
The goblin wields a +2 dagger of electrocution.
You hear the crackle of electricity.
You block the goblin's attack.
Items here: )))))) ††††††.
The goblin attacks as you move away! The goblin hits you but does no damage.
You are electrocuted!
* * * LOW HITPOINT WARNING * * *
The hobgoblin attacks as you move away! The hobgoblin barely misses you.
The goblin unwields a +2 dagger of electrocution.
It stops crackling.
The goblin wields a +0 sling.
The goblin shoots a sling bullet.
The sling bullet hits you.
* * * LOW HITPOINT WARNING * * *
You slash the hobgoblin!
You kill the hobgoblin!
The goblin shoots a sling bullet.
You block the sling bullet.
The goblin shoots a sling bullet.
You block the sling bullet.
You are too injured to fight recklessly!
The goblin unwields a +0 sling.
The goblin wields a +2 dagger of electrocution.
You hear the crackle of electricity.
The goblin hits you but does no damage.
You are electrocuted!
You die...

#...#+###.....#
###.....#.#.#.#
#.....#.# #
#.....#.# #
#......[#####.#
#.............#
#.....###..####
####### ##.# .
#@### ...
#g..###....
#####....g...
#.......#####
#.$.........#
#........#...
########.# ..
... . ...


You could see a goblin.

Vanquished Creatures
  A worm (D:2)
  4 dart slugs (D:1)
  3 ball pythons (D:2)
  2 bats
  3 endoplasms
  A giant cockroach (D:1)
  8 goblins
  4 hobgoblins
  4 jackals (D:2)
  4 quokkas
  3 frilled lizards
  4 kobolds
  3 rats (D:2)
44 creatures vanquished.

Notes
Turn   | Place    | Note
-------+----------+-------------------------------------------
     0 | D:1      | ImASeal the Troll Fighter began the quest for the Orb.
     0 | D:1      | Reached XP level 1. HP: 22/22 MP: 0/0
   219 | D:1      | Reached XP level 2. HP: 29/29 MP: 1/1
   484 | D:2      | Reached skill level 3 in Shields
   542 | D:2      | Found Josip's Jewellery Shoppe.
   579 | D:2      | Found Ociorepi's Antique Weapon Boutique.
   591 | D:2      | Reached XP level 3. HP: 36/36 MP: 2/2
   639 | D:2      | Found Ikkuvim's Armour Emporium.
  1015 | D:2      | Found Seamoskepp's Weapon Shoppe.
  1339 | D:3      | Identified the +10 plate armour of the Evil One {rF- Regen+
                  | Dex+7}
  1378 | D:3      | Slain by a goblin

Illustrated notes

Levels and vault maps discovered:
D:1:      nzn_arrival_water_spiral, layout_basic
D:2:      layout_basic, serial_shops, nicolae_shop_crystal, shop, shop,
          nicolae_shop_window_shopping
D:3:      minmay_inner_zag, layout_basic, minmay_goblin_outpost

Skill      XL: |  1  2  3 |
---------------+----------+-----
Shields        | 3 |  3.1
Axes           | 2 |  2.2
Fighting       | |  2.8
Dodging        | |  2.9

Action                   || total
-------------------------++-------
Melee: War axe           ||   114
Armor: Robe              ||    45
Dodge: Dodged            ||    42
Block: Kite shield       ||    47
